 Dungeon Crawl Stone Soup version 0.18.1-5-g4a78601 (webtiles) character file.

147 Chaotic the Skirmisher (level 5, -7/48 HPs)
             Began as a Minotaur Berserker on May 12, 2016.
             Was a Priest of Trog.
             Mangled by an ogre
             ... wielding a +0 giant spiked club
              (12 damage)
             ... on level 4 of the Dungeon.
             The game lasted 00:04:23 (2619 turns).

Chaotic the Skirmisher (Minotaur Berserker)         Turns: 2619, Time: 00:04:23

Health: -7/48      AC:  3    Str: 22    XL:     5   Next: 8%
Magic:  4/4        EV: 12    Int:  4    God:    Trog [***...]
Gold:   161        SH:  0    Dex: 10    Spells: 0 memorised, 4 levels left

rFire  . . .     SeeInvis .     a - +0 mace
rCold  . . .     Gourm    .     r - +0 leather armour
rNeg   . . .     Faith    .     (no shield)
rPois  .         Spirit   .     (helmet restricted)
rElec  .         Dismiss  .     (no cloak)
rCorr  .         Reflect  .     (no gloves)
SustAt .         Harm     .     (no boots)
MR     .....                    (no amulet)
Stlth  +.........               (no ring)
                                (no ring)

@: not resistant to hostile enchantments, very unstealthy
A: retaliatory headbutt, horns 2
a: Berserk, Trog's Hand, Burn Spellbooks, Renounce Religion


You were on level 4 of the Dungeon.
You worshipped Trog.
Trog was most pleased with you.
You were not hungry.

You visited 1 branch of the dungeon, and saw 4 of its levels.

You collected 161 gold pieces.

Inventory:

Hand Weapons
 a - a +0 mace (weapon)
Armour
 b - a +0 animal skin
 r - a +0 leather armour (worn)
Scrolls
 d - 2 scrolls of identify {unknown}
 e - a scroll of enchant weapon {unknown}
 f - 4 scrolls of amnesia {unknown}
 g - 2 scrolls of teleportation {unknown}
 i - a scroll of random uselessness {unknown}
 l - 2 scrolls of remove curse {unknown}
 q - a scroll of enchant armour {unknown}
Potions
 h - a potion of heal wounds {unknown}
 j - a potion of degeneration {unknown}
 k - a potion of magic {unknown}
 m - a potion of curing {unknown}
 n - a potion of invisibility {unknown}
 o - a potion of agility {unknown}
Comestibles
 c - a bread ration


   Skills:
 + Level 5.0 Fighting
 + Level 4.9 Maces & Flails
 + Level 4.2 Armour
 - Level 2.1 Dodging


You had 4 spell levels left.
You didn't know any spells.

Dungeon Overview and Level Annotations

Branches:
Dungeon (4/15)
 Temple: D:4-7

Altars:


Innate Abilities, Weirdness & Mutations

You reflexively headbutt those who attack you in melee.
You have a pair of horns on your head.


Message History

You climb downwards.
There is a stone staircase leading up here.
Eating a chunk of flesh.
This raw flesh tastes terrible.
You continue eating. x2
An ogre comes into view. It is wielding a giant spiked club.
The ogre shouts!
The ogre misses you.
You barely miss the ogre. The ogre barely misses you.
You barely miss the ogre. You headbutt the ogre!
The ogre is moderately wounded.
The ogre hits you with a giant spiked club!!
You thump the ogre!
The ogre is severely wounded.
The ogre hits you with a giant spiked club!!
Ouch! That really hurt!
* * * LOW HITPOINT WARNING * * *
You thump the ogre!
The ogre is almost dead.
The ogre hits you with a giant spiked club!
You die...

## ..
##.######
#..O@...#
#..####.#
#. #.# #
#.# #.#
#.# #.#
#.#
###.#####


You could see an ogre.

Vanquished Creatures
  An orc wizard (D:3)
  4 adders
  An ooze (D:3)
  A dart slug (D:1)
  4 giant geckos
  5 orcs (D:3)
  7 bats
  8 giant cockroaches
  6 goblins
  4 hobgoblins
  3 jackals (D:2)
  2 quokkas
  5 giant newts
  8 kobolds
  11 rats
70 creatures vanquished.

Notes
Turn   | Place    | Note
--------------------------------------------------------------
     0 | D:1      | Chaotic the Minotaur Berserker began the quest for the Orb.
     0 | D:1      | Reached XP level 1. HP: 19/19 MP: 0/0
   310 | D:1      | Reached XP level 2. HP: 27/27 MP: 1/1
   908 | D:2      | Reached skill level 4 in Fighting
   914 | D:2      | Reached ** piety under Trog
   920 | D:2      | Reached XP level 3. HP: 11/33 MP: 2/2
  1484 | D:3      | Reached XP level 4. HP: 24/41 MP: 3/3
  1998 | D:3      | Reached *** piety under Trog
  2339 | D:3      | Reached skill level 5 in Fighting
  2376 | D:3      | Reached XP level 5. HP: 40/48 MP: 4/4
  2612 | D:4      | Noticed an ogre
  2619 | D:4      | Mangled by an ogre

Skill      XL: |  1  2  3  4 |
---------------+-------------+-----
Maces & Flails | 4 |  4.9
Fighting       | 4 5 |  5.0
Armour         | 3 4 |  4.2
Dodging        | |  2.1

Action                   |  1- 3 |  4- 6 || total
-------------------------+-------+-------++-------
Melee: Mace              |    77 |    64 ||   141
       Headbutt          |    11 |     6 ||    17
Invok: Berserk           |     1 |       ||     1
       Trog's Hand       |     1 |       ||     1
  Eat: Chunk             |     3 |     4 ||     7
Armor: Animal skin       |    21 |     9 ||    30
Dodge: Dodged            |    73 |    49 ||   122
